 Dungeon Crawl Stone Soup version 0.29.0-4-gdea44cf6ec (webtiles) character file.

Game seed: 7022687948840990644

3348 qw the Cleaver (level 10, -2/91 HPs)
             Began as a Gargoyle Berserker on Sept 5, 2022.
             Was a Priest of Trog.
             Shot with an arrow by Nessos (4 damage)
             ... on level 12 of the Dungeon.
             The game lasted 00:03:07 (9172 turns).

qw the Cleaver (Gargoyle Berserker)                 Turns: 9172, Time: 00:03:08

Health: -2/91      AC: 19    Str: 26    XL:     10   Next: 2%
Magic:  10/10      EV:  6    Int: 10    God:    Trog [***...]
Gold:   535        SH:  9    Dex:  9    Spells: 9/9 levels left

rFire   . . .      SeeInvis +   Y - +0 war axe (vorpal)
rCold   . . .      Faith    .   l - +0 kite shield
rNeg    + . .      Spirit   .   d - +0 plate armour
rPois   inf        Reflect  .   c - +1 helmet of Perfidy {Int+3}
rElec   +          Harm     .   p - +0 cloak
rCorr   .          Rampage  .   (no gloves)
Will    .....                   (no boots)
Stlth   ..........              f - amulet of the acrobat
HPRegen 0.25/turn               (no ring)
MPRegen 0.12/turn               q - ring of see invisible

@: berserking, corroded, very quick
A: sickness immunity, AC +7, negative energy resistance 1, electricity
resistance, torment resistance 1, petrification resistance
a: Renounce Religion, Berserk, Trog's Hand


You were on level 12 of the Dungeon.
You worshipped Trog.
Trog was most pleased with you.
You visited 1 branch of the dungeon, and saw 10 of its levels.

You collected 535 gold pieces.


Innate Abilities, Weirdness & Mutations

You are immune to sickness and miasma.
Your stone body is resilient. (AC +7)
You are immune to poison.
You resist negative energy. (rN+)
You are resistant to electric shocks. (rElec)
You are resistant to unholy torment.
You are immune to petrification.


   Skills:
 - Level 6.7 Fighting
 - Level 9.0 Axes
 - Level 1.0 Throwing
 + Level 5.3 Armour
 - Level 1.5 Dodging
 - Level 8.0 Shields


You had 9 spell levels left.
You didn't know any spells.
Your spell library was empty.

Inventory:

Hand Weapons
 r - a +0 hand axe of flaming
 Y - a +0 vorpal war axe (weapon)
Missiles
 b - a boomerang
 n - 2 silver boomerangs (quivered)
Armour
 c - the +1 helmet of Perfidy (worn) {Int+3}
   (You acquired it on level 4 of the Dungeon)

   Int:       It affects your intelligence (+3).
 d - a +0 plate armour (worn)
 l - a +0 kite shield (worn)
 o - +0 fire dragon scales
 p - a +0 cloak (worn)
Jewellery
 f - an amulet of the acrobat (around neck)
 m - a ring of ice
 q - a ring of see invisible (right hand)
Wands
 g - a wand of digging (4)
Scrolls
 a - 9 scrolls of teleportation
 i - 3 scrolls of identify
Potions
 e - 3 potions of heal wounds
 h - 3 potions of curing
 j - a potion of cancellation
 k - 2 potions of haste

Dungeon Overview and Level Annotations

Branches:
Dungeon (9/15)             Temple (0/1) D:6
   Lair: D:8-11         Orc: D:9-12

Altars:
Elyvilon
Gozag
Kikubaaqudgha
Makhleb
Ru
Trog
Wu Jian
Yredelemnul
Zin

Annotations:
D:5 3 runed translucent doors, qw's ghost, novice FoCA; qw's ghost, novice MiFi
D:12 Nessos


Message History

Nessos gestures wildly while chanting.
Nessos seems to speed up.
Nessos shoots an arrow.
The arrow barely misses you.
Nessos shoots an arrow.
The arrow hits you. The arrow burns you.
Nessos shoots an arrow.
You block the arrow.
You slash the acid dragon!
The acid dragon is moderately wounded.
Nessos drinks a potion.
Nessos seems to grow stronger.
The acid dragon bites you but does no damage.
You block the acid dragon's attack.
You barely miss the acid dragon.
The acid dragon is moderately wounded.
You slash Nessos!
Nessos unwields a +1 longbow of flaming.
It stops flaming.
You block Nessos's attack. x2
Nessos casts a spell.
Nessos blinks!
The acid dragon bites you.
The acid dragon claws you but does no damage.
You closely miss the acid dragon.
The acid dragon is moderately wounded.
The acid dragon spits acid at you. The splash of acid hits you.
You slash the acid dragon!
The acid dragon is severely wounded.
Nessos mumbles some strange words.
Nessos blinks!
The acid dragon bites you! You block the acid dragon's attack.
Nessos wields a +1 longbow of flaming.
It bursts into flame!
Nessos shoots an arrow.
You block the arrow.
9171 ||| INVOKING Berserk.
A red film seems to cover your vision as you go berserk!
You feel yourself moving faster!
You feel mighty!
Nessos shoots an arrow.
The arrow barely misses you.
Nessos shoots an arrow.
The arrow hits you. The arrow burns you. The acid dragon spits acid at you.
The splash of acid hits you! The acid corrodes you!
You slash the acid dragon!
You kill the acid dragon!
Trog accepts your kill.
Nessos shoots an arrow.
The arrow hits you! The arrow burns you.
You die...

.# .# .# .# .## #.#
#.# #..#..# # ##..#
.....# .##...#
##....## ......#
#......# .....##
#......# ....##
#..@...#### ....#
#......c... #...#
#.......### ##..##
#.......# ##..##
##.......#
#...#######........#
##.................#
##...####.........#
##### ###.......#


You could see Nessos (fast, strong).

Vanquished Creatures
  A steam dragon (D:8)
  Grum (D:8)
  Menkaure (D:7)
  An acid dragon (D:12)
  3 water moccasins
  Duvessa (D:5)
  An orc warrior (D:8)
  A sky beast (D:7)
  4 wolves (D:8)
  A centaur (D:9)
  An ogre (D:6)
  A phantom (D:6)
  Blork the orc (D:5)
  A kobold brigand (D:7)
  4 scorpions
  8 wights
  Dowan (D:5)
  A vampire bat (D:5)
  A howler monkey (D:5)
  4 hounds
  4 jellies
  3 orc priests
  A gnoll bouda (D:5)
  2 iguanas
  4 orc wizards
  6 gnolls
  11 adders
  A shadow imp (D:8)
  An ufetubus (D:4)
  A worm (D:2)
  5 dart slugs
  3 fire bats (D:5)
  23 orcs
  2 spectral bats (D:5)
  3 bat skeletons (D:5)
  2 bat zombies
  3 endoplasms
  6 hobgoblins
  9 jackals
  6 quokkas
  6 ball pythons
  16 bats
  A bat simulacrum (D:5)
  2 frilled lizards (D:1)
  12 goblins
  5 kobolds
  7 rats
  2 rat zombies (D:3)
185 creatures vanquished.

Notes
Turn   | Place    | Note
-------+----------+-------------------------------------------
     0 | D:1      | qw the Gargoyle Berserker began the quest for the Orb.
     0 | D:1      | Reached XP level 1. HP: 14/14 MP: 1/1
     0 | D:1      | 0 ||| qw: Version: 0.1-a-104-g96f76f8
     0 | D:1      | 0 ||| qw: Game counter: 5826
     0 | D:1      | 0 ||| qw: Always use a shield: true
     0 | D:1      | 0 ||| qw: Do Orc after D:15 true
     0 | D:1      | 0 ||| qw: Do second Lair branch before Depths: true
     0 | D:1      | 0 ||| qw: Lair rune preference: random
     0 | D:1      | 0 ||| qw: Plans: Normal
     0 | D:1      | 0 ||| PLANNING D:1-11
    41 | D:1      | 41 ||| Stepping ~*~*~tactically~*~*~ (stealth).
   206 | D:1      | Reached skill level 3 in Axes
   245 | D:1      | 245 ||| INVOKING Berserk.
   251 | D:1      | Reached XP level 2. HP: 16/19 MP: 2/2
   495 | D:1      | 495 ||| INVOKING Berserk.
   788 | D:1      | Reached XP level 3. HP: 20/23 MP: 3/3
  1208 | D:1      | 1208 ||| UPGRADING to amulet of the acrobat.
  1213 | D:1      | 1213 ||| READING scroll labelled HOIBBE QINED.
  1214 | D:1      | 1214 ||| READING scroll labelled ROPODI FAEPN.
  1218 | D:1      | 1218 ||| DRINKING 2 pink potions.
  1219 | D:1      | 1219 ||| DRINKING 2 smoky ruby potions.
  1220 | D:1      | 1220 ||| DROPPING potion of degeneration.
  1273 | D:2      | Found a glowing silver altar of Zin.
  1340 | D:2      | Reached skill level 4 in Axes
  1523 | D:2      | 1523 ||| READING scroll labelled VYJEET CAGUSH.
  1524 | D:2      | 1524 ||| DRINKING 3 red potions.
  1562 | D:2      | 1562 ||| Stepping randomly (stuck).
  1586 | D:2      | 1586 ||| INVOKING Berserk.
  1595 | D:2      | 1595 ||| STAIRDANCE
  1708 | D:2      | Reached XP level 4. HP: 28/28 MP: 4/4
  1865 | D:2      | 1865 ||| Stepping ~*~*~tactically~*~*~ (stealth).
  2089 | D:2      | 2089 ||| UPGRADING to +0 ring mail.
  2099 | D:2      | 2099 ||| DROPPING +0 animal skin.
  2100 | D:2      | 2100 ||| UPGRADING to +0 kite shield.
  2105 | D:2      | 2105 ||| READING scroll labelled OMAENK UNOGED.
  2263 | D:3      | Reached ** piety under Trog
  2264 | D:3      | Reached skill level 1 in Shields
  2310 | D:3      | Found an ancient bone altar of Kikubaaqudgha.
  2593 | D:3      | Found a sacrificial altar of Ru.
  2681 | D:3      | Found a burning altar of Makhleb.
  2773 | D:3      | 2773 ||| Stepping ~*~*~tactically~*~*~ (stealth).
  2924 | D:3      | 2924 ||| DROPPING +0 club.
  2996 | D:3      | Reached XP level 5. HP: 32/32 MP: 5/5
  3198 | D:3      | 3198 ||| UPGRADING to +0 scale mail.
  3208 | D:3      | 3208 ||| DROPPING +0 ring mail.
  3209 | D:3      | 3209 ||| DROPPING amulet of magic regeneration.
  3210 | D:3      | 3210 ||| READING scroll labelled TAUNUYMUEG.
  3211 | D:3      | 3211 ||| READING scroll labelled YSIRAXK XOAT.
  3212 | D:3      | 3212 ||| READING scroll labelled DAFUPHAISE.
  3213 | D:3      | 3213 ||| READING 2 scrolls of identify.
  3213 | D:3      | 3213 ||| IDENTIFYING fuming coppery potion
  3214 | D:3      | 3214 ||| DROPPING potion of brilliance.
  3238 | D:4      | 3238 ||| STAIRDANCE
  3240 | D:3      | 3240 ||| INVOKING Berserk.
  3412 | D:3      | 3412 ||| DROPPING +0 mace.
  3416 | D:4      | 3416 ||| Stepping ~*~*~tactically~*~*~ (hiding).
  3417 | D:4      | 3417 ||| INVOKING Berserk.
  3420 | D:4      | Reached skill level 3 in Shields
  3450 | D:4      | 3450 ||| FLEEEEING.
  3451 | D:4      | 3451 ||| STAIRDANCE
  3787 | D:4      | Reached XP level 6. HP: 23/37 MP: 6/6
  4074 | D:4      | 4074 ||| SWAPPING to +0 war axe.
  4082 | D:4      | 4082 ||| DROPPING +0 hand axe.
  4322 | D:4      | 4322 ||| Stepping ~*~*~tactically~*~*~ (stealth).
  4334 | D:4      | 4334 ||| INVOKING Berserk.
  4539 | D:4      | 4539 ||| Stepping ~*~*~tactically~*~*~ (stealth).
  4627 | D:4      | 4627 ||| READING scroll labelled XIPNIR QEGI.
  4627 | D:4      | Identified a scroll of acquirement
  4627 | D:4      | 4627 ||| ACQUIRING +1 helmet of Perfidy {Int+3}
  4627 | D:4      | Acquired the +1 helmet of Perfidy {Int+3}
  4629 | D:4      | 4629 ||| UPGRADING to +1 helmet of Perfidy {Int+3}.
  4634 | D:4      | 4634 ||| READING scroll labelled XOSEUPSITI.
  4635 | D:4      | 4635 ||| READING 4 scrolls of identify.
  4635 | D:4      | 4635 ||| IDENTIFYING metallic yellow potion
  4636 | D:4      | 4636 ||| READING 3 scrolls of identify.
  4636 | D:4      | 4636 ||| IDENTIFYING murky golden potion
  4656 | D:5      | Entered Level 5 of the Dungeon
  4667 | D:5      | 4667 ||| Stepping ~*~*~tactically~*~*~ (hiding).
  4670 | D:5      | 4670 ||| INVOKING Berserk.
  4674 | D:5      | Reached skill level 5 in Axes
  4692 | D:5      | Noticed Duvessa
  4693 | D:5      | 4693 ||| FLEEEEING.
  4699 | D:5      | 4699 ||| STAIRDANCE
  4745 | D:5      | 4745 ||| Stepping ~*~*~tactically~*~*~ (stealth).
  4750 | D:5      | 4750 ||| INVOKING Berserk.
  4755 | D:5      | Noticed Dowan
  4760 | D:5      | Killed Duvessa
  4761 | D:5      | Reached XP level 7. HP: 44/44 MP: 7/7
  4761 | D:5      | Killed Dowan
  4993 | D:5      | 4993 ||| Stepping ~*~*~tactically~*~*~ (stealth).
  5076 | D:5      | 5076 ||| Stepping ~*~*~tactically~*~*~ (stealth).
  5143 | D:5      | 5143 ||| INVOKING Berserk.
  5169 | D:5      | Noticed Blork the orc
  5178 | D:5      | Killed Blork the orc
  5179 | D:5      | Reached skill level 6 in Axes
  5344 | D:5      | 5344 ||| Stepping ~*~*~tactically~*~*~ (hiding).
  5345 | D:5      | 5345 ||| Stepping ~*~*~tactically~*~*~ (hiding).
  5481 | D:5      | Reached XP level 8. HP: 48/48 MP: 8/8
  5496 | D:5      | Reached skill level 6 in Shields
  5554 | D:5      | 5554 ||| INVOKING Berserk.
  5922 | D:5      | Found a runed translucent gate.
  5922 | D:5      | Found a runed translucent gate.
  5922 | D:5      | Found a runed translucent gate.
  5923 | D:5      | Noticed qw's ghost (novice FoCA)
  5923 | D:5      | Noticed qw's ghost (novice MiFi)
  5949 | D:5      | 5949 ||| UPGRADING to +0 fire dragon scales.
  5959 | D:5      | 5959 ||| DROPPING +0 scale mail.
  5960 | D:5      | 5960 ||| UPGRADING to +0 cloak.
  5965 | D:5      | 5965 ||| UPGRADING to ring of ice.
  5966 | D:5      | 5966 ||| READING 2 scrolls of identify.
  5966 | D:5      | 5966 ||| IDENTIFYING fuming pink potion
  5967 | D:5      | 5967 ||| DROPPING potion of flight.
  5991 | D:6      | Found an opulent altar of Gozag.
  6086 | D:6      | Found a staircase to the Ecumenical Temple.
  6144 | D:6      | Reached skill level 3 in Armour
  6180 | D:6      | 6180 ||| INVOKING Berserk.
  6185 | D:6      | Reached skill level 7 in Axes
  6412 | D:6      | 6412 ||| INVOKING Berserk.
  6476 | D:6      | Found an ornate altar of the Wu Jian Council.
  6616 | D:6      | Reached *** piety under Trog
  6669 | D:6      | Reached skill level 1 in Throwing
  6881 | D:6      | 6881 ||| READING 2 scrolls labelled NUETU QOSH.
  6882 | D:6      | 6882 ||| DROPPING scroll of magic mapping.
  6911 | D:7      | Found a bloodstained altar of Trog.
  6912 | D:7      | Found a white marble altar of Elyvilon.
  6913 | D:7      | Found a basalt altar of Yredelemnul.
  7175 | D:7      | Found a flagged portal.
  7189 | D:7      | Reached XP level 9. HP: 54/54 MP: 9/9
  7553 | D:7      | Reached skill level 8 in Axes
  7576 | D:7      | Noticed Menkaure
  7580 | D:7      | 7580 ||| INVOKING Berserk.
  7583 | D:7      | Killed Menkaure
  7589 | D:7      | Reached skill level 6 in Fighting
  7893 | D:7      | 7893 ||| UPGRADING to ring of see invisible.
  7894 | D:7      | 7894 ||| READING scroll labelled JINKOU JIEGA.
  7895 | D:7      | 7895 ||| READING 2 scrolls of identify.
  7895 | D:7      | 7895 ||| IDENTIFYING puce potion
  7896 | D:7      | 7896 ||| DROPPING potion of invisibility.
  7966 | D:8      | 7966 ||| INVOKING Berserk.
  8121 | D:8      | 8121 ||| DROPPING +2 flail of protection.
  8249 | D:8      | Noticed Grum
  8252 | D:8      | 8252 ||| INVOKING Berserk.
  8267 | D:8      | Killed Grum
  8285 | D:8      | Reached skill level 9 in Axes
  8287 | D:8      | HP: 8/55 [orc wizard/magic dart (8)]
  8288 | D:8      | 8288 ||| READING 9 scrolls of teleportation.
  8289 | D:8      | 8289 ||| DRINKING 3 potions of heal wounds.
  8470 | D:8      | 8470 ||| Stepping ~*~*~tactically~*~*~ (hiding).
  8475 | D:8      | 8475 ||| INVOKING Berserk.
  8875 | D:8      | 8875 ||| UPGRADING to +0 plate armour.
  8885 | D:8      | 8885 ||| REMOVING ring of ice.
  8886 | D:8      | 8886 ||| READING scroll labelled YKIL OMMOUBOHANEF.
  9014 | D:9      | 9014 ||| DRINKING 4 potions of curing.
  9014 | D:9      | 9014 ||| (to cure confusion)
  9039 | D:9      | 9039 ||| Stepping ~*~*~tactically~*~*~ (hiding).
  9045 | D:9      | Reached XP level 10. HP: 61/61 MP: 10/10
  9098 | D:9      | 9098 ||| Stepping ~*~*~tactically~*~*~ (stealth).
  9141 | D:9      | You fall into a shaft and drop 3 floors!
  9161 | D:12     | Noticed Nessos
  9171 | D:12     | 9171 ||| INVOKING Berserk.
  9171 | D:12     | HP: 13/91 [acid dragon/splash of acid (16)]
  9172 | D:12     | HP: 2/91 [Nessos/arrow (11)]
  9172 | D:12     | Shot with an arrow by Nessos

Levels and vault maps discovered:
D:1:      psy_arrival_conway, layout_loops_ring, dreamdust_wishing_well,
          minmay_pentomino_q4
D:2:      layout_basic, basic_altar, serial_glass, glass_columns_b,
          glass_columns_a
D:3:      layout_loops_cross, nicolae_ru_awakened_eye,
          lemuel_zombie_altar_kikubaaqudgha, lightli_temple_of_fire
D:4:      layout_cave_pools, minmay_fractal_squares_gapless_5
D:5:      layout_cave_pools, gammafunk_ghost_cemetery, serial_park,
          serial_park_tiny_2, serial_park_square2, serial_park_square1
          [serial_park_minivault_5x5_7], serial_park_tiny_pond, goddamned_bats,
          uniq_duvessa, uniq_blork_the_orc
D:6:      layout_basic, marbit_many_paths,
          nicolae_gozag_cash_rules_everything_around_me,
          minmay_temple_entry_waves
D:7:      layout_loops_corners, gammafunk_temple_overflow_forgotten,
          enter_bailey_5, uniq_menkaure
D:8:      layout_cave_pools, uniq_grum
D:9:      layout_basic, grunt_qazlal_sundering, david_lair_generic,
          serial_shops, shop
D:12:     layout_layer_cave, david_orc_4, muffindrake_ghost_dual_entry,
          uniq_azrael, uniq_nessos

Skill      XL: |  1  2  3  4  5  6  7  8  9 |
---------------+----------------------------+-----
Axes           | 3 4 5 6 7 9 |  9.0
Shields        | 2 4 5 7 8 |  8.0
Fighting       | 4 5 6 |  6.7
Armour         | 3 5 |  5.3
Throwing       | 1 |  1.0
Dodging        | |  1.5

Action                   |  1- 3 |  4- 6 |  7- 9 | 10-12 || total
-------------------------+-------+-------+-------+-------++-------
Melee: Hand axe          |   105 |   178 |       |       ||   283
       Punch             |     1 |       |       |       ||     1
       War axe           |       |    66 |   283 |     9 ||   358
Throw: Boomerang         |       |       |    13 |       ||    13
Invok: Berserk           |     3 |     5 |     8 |     1 ||    17
  Use: Scroll            |     3 |     9 |     6 |       ||    18
       Potion            |     3 |       |     2 |       ||     5
Armor: Animal skin       |    45 |     4 |       |       ||    49
       Ring mail         |       |    47 |       |       ||    47
       Scale mail        |       |    56 |    92 |       ||   148
       Fire dragon scale |       |       |   101 |       ||   101
       Plate armour      |       |       |     7 |     4 ||    11
Dodge: Dodged            |    56 |   100 |   155 |     5 ||   316
Block: Kite shield       |       |   104 |   157 |     8 ||   269

Table legend:
 A = Non-vault XP
 B = Vault XP
 C = Vault XP percentage of total XP
 D = Non-vault monster count
 E = Vault monster count
 F = Vault count percentage of total count
                 A         B        C        D         E       F
            +---------+---------+-------+---------+---------+-------
      Total |    3479 |    1464 |  29.6 |     140 |      45 |  24.3
            +---------+---------+-------+---------+---------+-------
        D:1 |      38 |       6 |  13.6 |      20 |       3 |  13.0
        D:2 |      45 |       0 |   0.0 |      14 |       0 |   0.0
        D:3 |      97 |       4 |   4.0 |      24 |       3 |  11.1
        D:4 |     285 |      33 |  10.4 |      16 |       5 |  23.8
        D:5 |     509 |     478 |  48.4 |      17 |      23 |  57.5
        D:6 |     590 |     112 |  16.0 |      10 |       1 |   9.1
        D:7 |     543 |     180 |  24.9 |       9 |       5 |  35.7
        D:8 |     946 |     651 |  40.8 |      22 |       5 |  18.5
        D:9 |     267 |       0 |   0.0 |       7 |       0 |   0.0
       D:12 |     159 |       0 |   0.0 |       1 |       0 |   0.0
            +---------+---------+-------+---------+---------+-------
